 Dungeon Crawl Stone Soup version 0.28.0-53-g5a82cb258f (webtiles) character file.

Game seed: 2832302345792089481

461 mcbry74 the Ducker (level 7, -7/78 HPs)
             Began as a Gnoll Wanderer on July 20, 2022.
             Was a Believer of Kikubaaqudgha.
             Mangled by Pikel
             ... wielding a +0 whip of electrocution
              (15 damage)
             ... on level 5 of the Dungeon.
             The game lasted 00:14:21 (4104 turns).

mcbry74 the Ducker (Gnoll Wanderer)                 Turns: 4104, Time: 00:14:23

Health: -7/78      AC: 23    Str: 10    XL:     7   Next: 7%
Magic:  10/10      EV:  2    Int: 11    God:    Kikubaaqudgha [**....]
Gold:   123        SH:  0    Dex: 15    Spells: 8/10 levels left

rFire   . . .      SeeInvis +   a - +2 falchion
rCold   . . .      Faith    .   (no shield)
rNeg    . . .      Spirit   .   (armour currently unavailable)
rPois   +          Reflect  .   (helmet currently unavailable)
rElec   .          Harm     .   (cloak currently unavailable)
rCorr   .          Rampage  .   (gloves currently unavailable)
Will    .....      NoTele   +   (boots currently unavailable)
Stlth   ++........              (no amulet)
HPRegen 0.23/turn               s - ring of see invisible
MPRegen 0.12/turn               t - +4 ring of evasion

@: tree-form
A: stationary, stasis, torment immunity, boosted hp, (fangs 1), strong nose,
distributed training
a: Renounce Religion, Receive Corpses


You were on level 5 of the Dungeon.
You worshipped Kikubaaqudgha.
Kikubaaqudgha was pleased with you.
You were a tree.
You visited 1 branch of the dungeon, and saw 5 of its levels.

You collected 123 gold pieces.

Inventory:

Hand Weapons
 a - a +2 falchion (weapon)
 b - a +0 hunting sling
 f - a +2 short sword of freezing
 k - a +0 dagger of electrocution
 z - a +0 hand crossbow
Missiles
 c - 24 sling bullets
 e - 88 stones (quivered)
 g - 41 arrows
 j - 74 bolts
 p - 6 poisoned darts
 q - 6 curare-tipped darts
Armour
 d - a +0 ring mail
 v - the +4 ring mail "Matweex" (melded) {Str+4 Stlth+}
   (You found it on level 4 of the Dungeon)

   Str:       It affects your strength (+4).
   Stlth:     It makes you more stealthy.
 x - a +0 cloak (melded)
Jewellery
 s - a ring of see invisible (left branch)
 t - a +4 ring of evasion (right branch)
Wands
 y - a wand of mindburst (13)
Scrolls
 h - a scroll of fear {unknown}
 i - 2 scrolls of magic mapping {unknown}
 l - 2 scrolls of identify {unknown}
 r - a scroll of enchant weapon {unknown}
 u - a scroll of noise {unknown}
 w - a scroll of amnesia {unknown}
 A - a scroll of blinking {unknown}
Potions
 m - a potion of might {unknown}
 n - a potion of curing
 o - 2 potions of attraction {unknown}


   Skills:
 + Level 3.4 Fighting
 + Level 2.2 Short Blades
 + Level 5.1 Long Blades
 + Level 2.2 Axes
 + Level 2.2 Maces & Flails
 + Level 2.2 Polearms
 + Level 2.2 Staves
 + Level 5.1 Slings
 + Level 2.2 Bows
 + Level 2.2 Crossbows
 + Level 2.2 Throwing
 + Level 5.1 Armour
 + Level 5.1 Dodging
 + Level 2.2 Stealth
 + Level 2.2 Shields
 + Level 2.2 Unarmed Combat
 + Level 2.2 Spellcasting
 + Level 1.8 Conjurations
 + Level 1.8 Hexes
 + Level 1.8 Summonings
 + Level 1.8 Necromancy
 + Level 1.8 Translocations
 + Level 1.8 Transmutations
 + Level 1.8 Fire Magic
 + Level 1.8 Ice Magic
 + Level 1.8 Air Magic
 + Level 1.8 Earth Magic
 + Level 1.8 Poison Magic
 + Level 3.6 Invocations
 + Level 2.2 Evocations


You had 8 spell levels left.
You knew the following spells:

 Your Spells              Type           Power      Damage    Failure   Level
a - Animate Skeleton      Necr           10%        N/A       14%         1
b - Pain                  Necr           20%        1d5       14%         1

Your spell library contained the following spells:

 Spells                   Type           Power      Damage    Failure   Level
 Beastly Appendage        Tmut           10%        N/A       14%         1
 Ensorcelled Hibernation  Hex/Ice        10%        N/A       21%         2
 Wereblood                Tmut           5%         N/A       21%         2
 Spider Form              Tmut/Pois      5%         N/A       38%         3
 Vampiric Draining        Necr           5%         2d6       38%         3
 Anguish                  Hex/Necr       2%         N/A       80%         4
 Agony                    Necr           5%         N/A       98%         5


Dungeon Overview and Level Annotations

Branches:
Dungeon (5/15)
 Temple: D:4-7

Altars:
Kikubaaqudgha
Sif Muna
Uskayaw
Zin

Annotations:
D:5 Pikel


Innate Abilities, Weirdness & Mutations

You are a tree.
Your roots penetrate the ground, keeping you stationary.
You cannot be teleported.
You are immune to unholy pain and torment.
Your maximum health is greatly increased.
Your equipment is partially melded.
((You have very sharp teeth.))
Your uncanny sense of smell can sniff out nearby items.
Your experience applies equally to all skills.


Message History

The orc hits you but does no damage.
The lemure hits you but does no damage. x2
You slash Pikel!
Pikel is heavily wounded.
Pikel hits you but does no damage. The orc hits you but does no damage.
The lemure hits you. x2
You closely miss Pikel.
Pikel is moderately wounded.
Pikel hits you but does no damage.
You are electrocuted!!
The orc hits you but does no damage.
The lemure hits you but does no damage. x2
You completely miss Pikel.
Pikel is moderately wounded.
Pikel hits you but does no damage. The orc hits you but does no damage.
The lemure hits you but does no damage. x2
The orc hits you but does no damage. Pikel hits you but does no damage.
You closely miss Pikel.
Pikel is moderately wounded.
The lemure hits you but does no damage. x2
The orc hits you but does no damage.
Pikel hits you with a +0 whip of electrocution.
* * * LOW HITPOINT WARNING * * *
You hit Pikel. You punch Pikel, but do no damage.
Pikel is heavily wounded.
The lemure hits you.
* * * LOW HITPOINT WARNING * * *
The lemure hits you.
* * * LOW HITPOINT WARNING * * *
Pikel hits you but does no damage. The orc hits you but does no damage.
You hit Pikel but do no damage.
Pikel is heavily wounded.
The lemure barely misses you. The lemure hits you but does no damage.
Pikel hits you but does no damage. The orc hits you but does no damage.
You closely miss Pikel.
Pikel is heavily wounded.
The lemure hits you.
* * * LOW HITPOINT WARNING * * *
The lemure hits you but does no damage. The orc hits you with a +0 club.
* * * LOW HITPOINT WARNING * * *
Pikel hits you but does no damage.
You are electrocuted!
You die...
Kikubaaqudgha rasps: "You have failed me!
Welcome... death!"

......(.(.....# #.#
........#####.###.##
........# #.......
....5...# #.......
...5....# #....... #.#
#.###.##
#.#########.#####.###.#
........Ks.........##.#
...###♣###.#.####.##.#
......o555.............
.....##.###.#.####..#.#
###. .).# #.#... ......
#.o#### ####### #... .
#( #... .o . ∆


You could see Pikel, 3 lemures, a scorpion and an orc.

Vanquished Creatures
  A water moccasin (D:4)
  A black bear (D:4)
  A necrophage (D:4)
  A hound (D:4)
  An iguana (D:4)
  A gnoll (D:1)
  2 adders (D:2)
  2 ufetubi
  A worm (D:3)
  6 dart slugs
  3 orcs
  7 endoplasms
  4 giant cockroaches
  4 hobgoblins
  3 jackals (D:4)
  A quokka (D:4)
  6 ball pythons
  6 bats
  2 frilled lizards (D:2)
  5 goblins
  11 kobolds
  6 rats
75 creatures vanquished.

Notes
Turn   | Place    | Note
-------+----------+-------------------------------------------
     0 | D:1      | mcbry74 the Gnoll Wanderer began the quest for the Orb.
     0 | D:1      | mcbry74 set off with the following items: a +2 falchion, a
                  | +0 hunting sling, 18 sling bullets, a +0 ring mail
     0 | D:1      | Reached XP level 1. HP: 17/17 MP: 2/2
   228 | D:1      | Reached XP level 2. HP: 19/23 MP: 3/3
   646 | D:1      | Reached XP level 3. HP: 28/28 MP: 4/4
   816 | D:1      | Found a faded altar of an unknown god.
   820 | D:1      | Prayed at the altar of an unknown god.
   820 | D:1      | Became a worshipper of Kikubaaqudgha
   820 | D:1      | Reached * piety under Kikubaaqudgha
   820 | D:1      | Received a gift from Kikubaaqudgha
   823 | D:1      | Learned a level 1 spell: Animate Skeleton
   825 | D:1      | Learned a level 1 spell: Pain
  1171 | D:2      | Found a hide-covered altar of Uskayaw.
  1470 | D:2      | Reached skill level 1 in Short Blades
  1470 | D:2      | Reached skill level 1 in Axes
  1470 | D:2      | Reached skill level 1 in Maces & Flails
  1470 | D:2      | Reached skill level 1 in Polearms
  1470 | D:2      | Reached skill level 1 in Staves
  1470 | D:2      | Reached skill level 1 in Bows
  1470 | D:2      | Reached skill level 1 in Crossbows
  1470 | D:2      | Reached skill level 1 in Throwing
  1470 | D:2      | Reached skill level 1 in Stealth
  1470 | D:2      | Reached skill level 1 in Shields
  1470 | D:2      | Reached skill level 1 in Unarmed Combat
  1470 | D:2      | Reached skill level 1 in Spellcasting
  1470 | D:2      | Reached skill level 1 in Evocations
  1497 | D:2      | Reached XP level 4. HP: 34/34 MP: 6/6
  2131 | D:3      | Found a shimmering blue altar of Sif Muna.
  2271 | D:3      | Reached skill level 1 in Conjurations
  2271 | D:3      | Reached skill level 1 in Hexes
  2271 | D:3      | Reached skill level 1 in Summonings
  2271 | D:3      | Reached skill level 1 in Necromancy
  2271 | D:3      | Reached skill level 1 in Translocations
  2271 | D:3      | Reached skill level 1 in Transmutations
  2271 | D:3      | Reached skill level 1 in Fire Magic
  2271 | D:3      | Reached skill level 1 in Ice Magic
  2271 | D:3      | Reached skill level 1 in Air Magic
  2271 | D:3      | Reached skill level 1 in Earth Magic
  2271 | D:3      | Reached skill level 1 in Poison Magic
  2348 | D:3      | Reached ** piety under Kikubaaqudgha
  2446 | D:3      | Found a glowing silver altar of Zin.
  2518 | D:4      | Reached XP level 5. HP: 30/40 MP: 7/7
  2673 | D:4      | Noticed a necrophage
  2702 | D:4      | Killed a necrophage
  2703 | D:4      | Reached XP level 6. HP: 41/47 MP: 8/8
  2809 | D:4      | Identified the +4 ring mail "Matweex" {Str+4 Stlth+}
  2837 | D:4      | Noticed a black bear
  2846 | D:4      | Killed a black bear
  2847 | D:4      | Reached skill level 5 in Long Blades
  2847 | D:4      | Reached skill level 5 in Slings
  2847 | D:4      | Reached skill level 5 in Armour
  2847 | D:4      | Reached skill level 5 in Dodging
  2888 | D:4      | Noticed a water moccasin
  2910 | D:4      | Killed a water moccasin
  2911 | D:4      | Reached XP level 7. HP: 25/52 MP: 10/10
  3900 | D:5      | Entered Level 5 of the Dungeon
  4075 | D:5      | Noticed Pikel
  4104 | D:5      | Mangled by Pikel

Illustrated notes

Levels and vault maps discovered:
D:1:      minmay_arrival_nine_rooms, layout_loops_corners,
          ebering_ecumenical_altar_box
D:2:      layout_loops_ring, basic_altar
D:3:      layout_basic, zin_treasury, mainiacjoe_overflow_small_starburst
D:4:      layout_loops_corners, chequers_serial_rivers_large_b
D:5:      layout_basic, nicolae_hepliaklqana_hippocampus, uniq_sigmund,
          uniq_pikel

Skill      XL: |  1  2  3  4  5  6 |
---------------+-------------------+-----
Short Blades   | 1 2 |  2.2
Axes           | 1 2 |  2.2
Maces & Flails | 1 2 |  2.2
Polearms       | 1 2 |  2.2
Staves         | 1 2 |  2.2
Bows           | 1 2 |  2.2
Crossbows      | 1 2 |  2.2
Throwing       | 1 2 |  2.2
Stealth        | 1 2 |  2.2
Shields        | 1 2 |  2.2
Unarmed Combat | 1 2 |  2.2
Spellcasting   | 1 2 |  2.2
Evocations     | 1 2 |  2.2
Conjurations   | 1 |  1.8
Hexes          | 1 |  1.8
Summonings     | 1 |  1.8
Necromancy     | 1 |  1.8
Translocations | 1 |  1.8
Transmutations | 1 |  1.8
Fire Magic     | 1 |  1.8
Ice Magic      | 1 |  1.8
Air Magic      | 1 |  1.8
Earth Magic    | 1 |  1.8
Poison Magic   | 1 |  1.8
Invocations    | 3 |  3.6
Fighting       | 3 |  3.4
Long Blades    | 5 |  5.1
Slings         | 5 |  5.1
Armour         | 5 |  5.1
Dodging        | 5 |  5.1

Action                   |  1- 3 |  4- 6 |  7- 9 || total
-------------------------+-------+-------+-------++-------
Melee: Falchion          |    53 |   107 |    20 ||   180
       Bite              |     4 |    11 |       ||    15
       Punch             |       |     2 |     1 ||     3
 Fire: Hunting sling     |    28 |    28 |    20 ||    76
Throw: Stone             |       |     4 |       ||     4
       Dart              |       |     5 |       ||     5
 Cast: Animate Skeleton  |     1 |     4 |     1 ||     6
  Use: Potion            |       |     1 |       ||     1
 Stab: Sleeping          |       |     1 |       ||     1
Armor: Ring mail         |    19 |    27 |     1 ||    47
       Skin              |       |       |    41 ||    41
Dodge: Dodged            |    37 |    67 |    13 ||   117
